Map: New Repugnancy LE

Players

최한솔

  • Race: Protoss Protoss
  • League: Master
  • Spawn Location: 1:00

NOTAKON - Winner!

  • Race: Terran Terran
  • League: Master
  • Spawn Location: 7:00

VOD

Have the link to the VOD?

Description

Time

  • Played on: Jan. 29, 2019, 10:10 a.m.
  • Length: 9:46
Show
View Real Time Build Order
Export as new Build Order

최한솔 Protoss 

Build Orders: 1 Gate Expand, Oracle Opening 

Get SALT Encoding   

  12  0:00  Probe  
  13  0:12  Probe  
  14  0:19  Pylon  
  14  0:25  Probe  
  15  0:33  Probe  
  15  0:38  Gateway  
  16  0:42  Probe  
  16  0:46  Assimilator  
  17  0:53  Probe  
  18  1:06  Probe  
  19  1:18  Probe  
  20  1:29  Nexus  
  20  1:39  Cybernetics Core  
  21  1:40  Probe  
  21  1:49  Pylon  
  21  1:55  Probe  
  21  1:57  Assimilator  
  22  2:06  Adept  
  22  2:08  Probe  
  23  2:17  Probe  
  23  2:20  Stargate  
  26  2:25  Probe  
  27  2:32  Adept  
  27  2:34  Probe  
  30  2:45  Probe  
  30  2:49  Probe  
  32  2:55  Adept  
  32  2:57  Probe  
  33  2:59  Warp Gate  
  33  3:03  Oracle  
  38  3:13  Probe, Pylon  
  38  3:17  Probe  
  40  3:25  Probe  
  41  3:29  Probe  
  41  3:33  Oracle  
  41  3:34  Gateway  
  42  3:36  Gateway  
  42  3:45  Probe  
  42  3:47  Probe  
  47  3:55  Twilight Council  
  47  3:57  Probe  
  48  4:11  Probe x2  
  50  4:22  Charge  
  50  4:23  Nexus  
  50  4:29  Robotics Facility, Probe  
  50  4:31  Pylon  
  49  4:43  Probe  
  46  4:47  Probe  
  46  4:49  Assimilator  
  46  4:50  Stalker x2  
  51  4:55  Probe  
  51  4:59  Probe  
  53  5:06  Stalker  
  55  5:09  Probe  
  55  5:10  Immortal  
  55  5:13  Gateway  
  56  5:15  Gateway  
  56  5:16  Gateway  
  60  5:22  Probe  
  61  5:28  Forge  
  61  5:32  Probe  
  61  5:35  Probe  
  63  5:40  Pylon  
  63  5:44  Stalker  
  63  5:45  Zealot x2  
  69  5:51  Protoss Ground Weapons Level 1, Probe  
  69  5:55  Probe x2  
  72  6:03  Probe  
  73  6:07  Probe  
  73  6:09  Forge  
  68  6:13  Zealot x4  
  58  6:19  Zealot  
  58  6:20  Protoss Ground Armor Level 1  
  58  6:24  Zealot x3  
  58  6:25  Zealot x2  
  61  6:26  Probe x2  
  61  6:30  Immortal  
  60  6:34  Probe  
  60  6:38  Probe  
  66  6:42  Probe  
  67  6:48  Probe  
  67  6:54  Probe, Sentry x2, Pylon  
  69  7:00  Probe, Sentry  
  76  7:08  Probe, Pylon  
  77  7:12  Probe  
  77  7:13  Pylon  
  78  7:15  Probe  
  78  7:20  Probe  
  77  7:30  Probe  
  77  7:33  Stalker x3  
  77  7:34  Robotics Facility  
  77  7:36  Stalker x2  
  88  7:37  Zealot  
  90  7:49  Gateway x2  
  90  7:54  Pylon  
  90  7:58  Stalker x2  
  94  7:59  Stalker  
  94  8:00  Pylon  
  94  8:03  Probe x2  
  98  8:15  Warp Prism  
  98  8:16  Zealot x3  
  104  8:22  Stalker  
  104  8:23  Stalker  
  104  8:24  Stalker  
  112  8:39  Zealot x2  
  90  8:51  Stalker x3  
  90  8:52  Zealot x2, Stalker  
  85  8:56  Assimilator  
  85  8:58  Assimilator  
  85  9:00  Probe, Assimilator  
  86  9:05  Probe  
  87  9:14  Zealot x5  
  97  9:17  Probe x2  
  97  9:19  Probe  
  97  9:22  Zealot  
  102  9:27  Zealot x2  
  102  9:34  Dark Shrine  
  78  9:38  Zealot x2  
Show
View Real Time Build Order
Export as new Build Order

NOTAKON Terran - Winner!

Build Orders: Reaper Expand 

Get SALT Encoding   

  12  0:00  SCV  
  13  0:12  SCV  
  14  0:18  Supply Depot  
  14  0:26  SCV  
  15  0:39  SCV  
  15  0:41  Barracks  
  16  0:45  Refinery  
  16  0:51  SCV  
  17  1:03  SCV  
  18  1:15  SCV  
  19  1:28  Orbital Command  
  19  1:35  Reaper  
  20  1:52  Command Center  
  20  1:55  SCV  
  21  2:07  SCV, Supply Depot, Barracks Reactor  
  22  2:18  Barracks  
  22  2:19  SCV  
  23  2:31  SCV, Barracks  
  24  2:43  SCV  
  24  2:44  Marine x2  
  26  2:56  Bunker  
  26  2:59  SCV  
  26  3:04  Marine x2  
  26  3:05  Barracks Tech Lab  
  29  3:07  Orbital Command  
  29  3:11  SCV  
  29  3:20  Barracks Tech Lab  
  29  3:24  Marine x3  
  29  3:26  Stimpack  
  32  3:27  SCV  
  32  3:33  Engineering Bay  
  33  3:36  SCV  
  33  3:39  SCV  
  33  3:40  Marine  
  36  3:45  Marine x2  
  36  3:46  Marine  
  39  3:48  SCV  
  39  3:55  SCV, Supply Depot  
  41  3:59  Terran Infantry Weapons Level 1  
  41  4:00  Combat Shield  
  41  4:04  SCV  
  41  4:07  SCV  
  41  4:08  Marine  
  43  4:12  Marine  
  44  4:19  Marauder  
  46  4:40  Marine  
  46  4:46  Marine, Marauder x2  
  46  4:48  SCV  
  46  4:49  SCV  
  53  4:54  Missile Turret  
  53  4:58  Marine  
  51  5:00  Missile Turret, SCV  
  51  5:01  SCV  
  53  5:08  Marauder  
  53  5:09  Marine, Marauder  
  53  5:13  SCV x2  
  60  5:17  Marine  
  61  5:24  Supply Depot  
  61  5:25  SCV  
  62  5:30  Refinery  
  62  5:37  Supply Depot  
  62  5:40  SCV  
  62  5:45  Marine x4  
  62  5:46  SCV  
  67  5:54  Supply Depot, Concussive Shells  
  67  5:55  Factory  
  67  5:57  SCV  
  67  5:59  Refinery  
  67  6:00  Refinery  
  67  6:01  SCV  
  67  6:03  Marine x3  
  69  6:15  Marine  
  69  6:16  SCV  
  68  6:22  Marauder  
  68  6:25  Marine, Marauder  
  64  6:27  SCV  
  64  6:31  SCV  
  56  6:36  Marine  
  56  6:39  SCV  
  57  6:40  Barracks  
  57  6:42  Barracks, Starport  
  57  6:43  SCV, Factory Reactor  
  58  6:49  Marauder  
  58  6:51  SCV, Terran Infantry Armor Level 1  
  61  6:54  Marauder  
  64  7:01  SCV  
  64  7:04  Marine x2, Ghost Academy  
  64  7:06  SCV  
  67  7:11  Marauder  
  67  7:13  SCV  
  70  7:16  Marauder  
  72  7:26  Factory Reactor  
  71  7:31  Marine  
  71  7:32  Barracks Tech Lab  
  71  7:33  Marine  
  71  7:34  Ghost  
  71  7:36  Ghost  
  75  7:37  Barracks Reactor  
  75  7:39  Medivac  
  75  7:44  SCV  
  80  7:47  Supply Depot  
  80  7:48  Medivac  
  80  7:49  Marine  
  83  7:51  Marine  
  83  7:52  SCV  
  83  7:53  Supply Depot  
  83  7:56  SCV  
  86  8:00  Supply Depot  
  86  8:08  Ghost  
  86  8:09  Widow Mine x2, Marine x2  
  86  8:11  Marine x2  
  86  8:12  Supply Depot  
  96  8:14  Supply Depot, Medivac  
  96  8:16  Marine x2  
  100  8:22  Medivac  
  100  8:26  Marine x2  
  104  8:27  Supply Depot  
  104  8:28  Supply Depot  
  104  8:29  Marine x2  
  104  8:31  SCV x2  
  108  8:34  Marine x2  
  108  8:37  Liberator  
  110  8:44  Marine, Marauder  
  110  8:46  SCV, Liberator  
  109  8:50  Marine  
  109  8:51  Marauder  
  109  8:53  Widow Mine x2  
  109  8:55  Marine x3  
  116  9:00  Bunker  
  121  9:05  Marine x2  
  124  9:18  Marine  
  124  9:19  Marine x3, Marauder  
  124  9:21  Widow Mine x2  
Tags
 
Add a new tag
Caveats
  • Supply blocks, unpowered buildings, or Contaminate may cause inaccurate times.
  • Supply counts are checked every 10 seconds.